 Dungeon Crawl Stone Soup version 0.22-a0-469-gf26638a (webtiles) character file.

723 grizmgrazm2 the Insei (level 7, -1/50 HPs)
             Began as a Vampire Transmuter on June 11, 2018.
             Was an Initiate of Makhleb.
             Slain by an orc
             ... wielding a +0 hand axe of freezing
              (5 damage)
             ... on level 7 of the Dungeon.
             The game lasted 00:22:02 (8191 turns).

grizmgrazm2 the Insei (Vampire Transmuter)          Turns: 8191, Time: 00:22:03

Health: -1/50      AC:  6    Str:  9    XL:     7   Next: 43%
Magic:  11/11      EV: 15    Int: 17    God:    Makhleb [......]
Gold:   236        SH:  0    Dex: 20    Spells: 1/12 levels left

rFire    + . .     SeeInvis +   j - +3 dagger (pain)
rCold    + + .     Gourm    .   (no shield)
rNeg     + + .     Faith    .   b - +2 robe
rPois    +         Spirit   .   (no helmet)
rElec    +         Reflect  .   (no cloak)
rCorr    +         Harm     .   g - +1 pair of gloves
MR       +....                  (no boots)
Stlth    ++++......             (no amulet)
HPRegen  0.08/turn              p - ring of protection from magic
MPRegen  0.12/turn              e - +5 ring of dexterity

@: resistant, regenerating slowly
A: fangs 3, see invisible, unbreathing
a: Bat Form, Renounce Religion


You were on level 7 of the Dungeon.
You worshipped Makhleb.
Makhleb was noncommittal.
You were near bloodless.

You visited 2 branches of the dungeon, and saw 8 of its levels.

You collected 236 gold pieces.

Inventory:

Hand Weapons
 j - a +3 dagger of pain (weapon)
Missiles
 a - 35 arrows
Armour
 b - a +2 robe (worn)
 g - a +1 pair of gloves (worn)
Jewellery
 e - a +5 ring of dexterity (right hand)
 p - a ring of protection from magic (left hand)
Wands
 d - a wand of polymorph (15)
Scrolls
 k - a scroll of remove curse
Potions
 h - a potion of agility {unknown}
 n - a potion of mutation {unknown}
 o - a potion of cancellation {unknown}


   Skills:
 - Level 2.0 Fighting
 - Level 2.1 Short Blades
 + Level 3.9 Dodging
 + Level 4.4 Stealth
 - Level 4.4 Unarmed Combat
 + Level 3.2 Spellcasting
 + Level 1.2 Hexes
 - Level 4.2 Transmutations
 - Level 1.3 Ice Magic
 - Level 2.1 Poison Magic


You had one spell level left.
You knew the following spells:

 Your Spells              Type           Power        Failure   Level  Hunger
a - Beastly Appendage     Tmut           ###...       3%          1    None
b - Spider Form           Tmut/Pois      ##........   14%         3    ###....
c - Ice Form              Ice/Tmut       ##......     47%         4    ####...
d - Confuse               Hex            #.......     30%         3    ###....

Your spell library contained the following spells:

 Spells                   Type           Power        Failure   Level  Hunger
 Magic Dart               Conj           #...         17%         1    None
 Conjure Flame            Conj/Fire      #.......     45%         3    ###....
 Slow                     Hex            #.......     16%         2    ##.....
 Mephitic Cloud           Conj/Pois/Air  #.......     36%         3    ###....
 Blink                    Tloc           N/A          26%         2    ##.....
 Call Imp                 Summ           #.......     26%         2    ##.....
 Blade Hands              Tmut           ###.......   63%         5    ######.
 Confusing Touch          Hex            #.....       11%         1    None
 Sticks to Snakes         Tmut           ###.....     4%          2    ##.....
 Metabolic Englaciation   Hex/Ice        #.........   95%         5    ######.
 Petrify                  Tmut/Erth      #.......     56%         4    ####...
 Gell's Gravitas          Tloc           #.........   45%         3    ###....
 Yara's Violent Unravell  Hex/Tmut       ##........   83%         5    ######.


Dungeon Overview and Level Annotations

Branches:
Dungeon (7/15)             Temple (1/1) D:4

Altars:
Ashenzari
Cheibriados
Dithmenos
Fedhas
Gozag
Hepliaklqana
Kikubaaqudgha
Makhleb
Nemelex Xobeh
Okawaru
Qazlal
Ru
Trog
Uskayaw
Vehumet
Xom
Yredelemnul
Zin


Innate Abilities, Weirdness & Mutations

You heal slowly.
You have razor-sharp teeth.
You have supernaturally acute eyesight. (SInv)
You can survive without breathing.


Message History

The orc hits you with a dagger. The orc hits you with a trident.
Something unseen opens the door.
You are too injured to fight recklessly!
You are too injured to fight recklessly!
You barely miss the orc.
The orc is severely wounded.
The orc hits you but does no damage. x2
The orc priest shouts!
You hit the orc.
You kill the orc!
Makhleb accepts your kill.
The orc hits you from afar with a trident.
The orc priest calls down the wrath of Beogh upon you.
Beogh smites you!
* * * LOW HITPOINT WARNING * * *
The orc hits you from afar with a trident.
* * * LOW HITPOINT WARNING * * *
You feel protected.
The orc hits you with a hand axe of freezing.
You die...

#...............[....#
#....................#
#....................#
#.........o..........#
+....................#
#....................#
##..###......o##.....#
#.<###......o##.....#
#. ..........@......#
# .................#
..................#
..####...####....##
#...####....##
#...>........#
#............#
#............#
#....<.......#


You could see an orc priest and 2 orcs.

Vanquished Creatures
  2 ogres
  2 scorpions
  A howler monkey (D:4)
  2 hounds (D:3)
  2 orc wizards
  A bullfrog skeleton (D:4)
  An orc priest (D:4)
  An iguana (D:5)
  2 worker ants
  9 adders
  An ooze (D:1)
  An adder zombie (D:5)
  3 dart slugs
  8 orcs
  7 bats
  7 giant cockroaches
  3 goblins
  8 hobgoblins
  5 jackals
  A quokka (D:2)
  A ball python (D:1)
  7 frilled lizards
  12 kobolds
  A quokka skeleton (D:3)
  4 rats
92 creatures vanquished.

Notes
Turn   | Place    | Note
-------+----------+-------------------------------------------
     0 | D:1      | grizmgrazm2 the Vampire Transmuter began the quest for the Orb.
     0 | D:1      | Reached XP level 1. HP: 14/14 MP: 3/3
    14 | D:1      | Reached skill level 1 in Fighting
   228 | D:1      | Reached XP level 2. HP: 8/21 MP: 1/5
   474 | D:1      | Reached skill level 1 in Stealth
  1496 | D:1      | Reached XP level 3. HP: 16/26 MP: 4/6
  1633 | D:1      | Learned a level 3 spell: Spider Form
  1773 | D:2      | Reached skill level 1 in Short Blades
  2091 | D:2      | Reached XP level 4. HP: 24/32 MP: 3/7
  2974 | D:3      | Reached XP level 5. HP: 18/37 MP: 1/8
  2977 | D:3      | Found a faded altar of an unknown god.
  3289 | D:3      | Reached skill level 1 in Poison Magic
  3725 | D:4      | Found a shattered altar of Ashenzari.
  4550 | D:3      | Reached XP level 6. HP: 14/44 MP: 8/10
  4778 | D:3      | Learned a level 4 spell: Ice Form
  4808 | D:4      | Found a staircase to the Ecumenical Temple.
  4816 | Temple   | Entered the Ecumenical Temple
  4868 | Temple   | Became a worshipper of Makhleb the Destroyer
  4989 | D:4      | Found a bloodstained altar of Trog.
  4989 | D:4      | Found a blossoming altar of Fedhas.
  4990 | D:4      | Found a radiant altar of Vehumet.
  5000 | D:4      | Found a snail-covered altar of Cheibriados.
  5263 | D:4      | HP: 1/44 [orc wizard/magic dart (7)]
  5810 | D:4      | Reached skill level 1 in Ice Magic
  5836 | D:4      | Reached XP level 7. HP: 27/50 MP: 11/11
  6129 | D:5      | Entered Level 5 of the Dungeon
  6595 | D:5      | Learned a level 3 spell: Confuse
  7382 | D:6      | Found a shadowy altar of Dithmenos.
  7489 | D:6      | HP: 1/50 [bullfrog (6)]
  8171 | D:7      | Reached skill level 1 in Hexes
  8191 | D:7      | Slain by an orc

Vault maps used:
D:1:      co_arrival_random_square_maze
D:3:      chequers_ecumenical_altar_simple, hangedman_decor_push,
          kennysheep_generic_room_3
D:4:      nicolae_overflow_quartered_altars, minmay_temple_entry_trees,
          kennysheep_pointless_box, evilmike_ruin_ashenzari
D:5:      first_ration
D:6:      minitemple, grunt_dithmenos_smoke_and_mirrors
D:7:      serial_shops, shop_scrolls
Temple:   eino_temple_lava

Skill      XL: |  1  2  3  4  5  6  7 |
---------------+----------------------+-----
Fighting       | 1 2 |  2.0
Stealth        | 1 2 3 4 |  4.4
Short Blades   | 1 2 |  2.1
Transmutations | 3 4 |  4.2
Dodging        | 3 |  3.9
Poison Magic   | 1 2 |  2.1
Unarmed Combat | 4 |  4.4
Spellcasting   | 3 |  3.2
Ice Magic      | 1 |  1.3
Hexes          | 1 |  1.2

Action                   |  1- 3 |  4- 6 |  7- 9 || total
-------------------------+-------+-------+-------++-------
Melee: Unarmed           |    20 |    26 |     6 ||    52
       Kick              |     6 |    12 |     2 ||    20
       Dagger            |   109 |   194 |    71 ||   374
       Bite              |    12 |    21 |    10 ||    43
       Headbutt          |     4 |     4 |     6 ||    14
       Punch             |     2 |       |       ||     2
 Cast: Beastly Appendage |    13 |    14 |     4 ||    31
       Spider Form       |     1 |     5 |     2 ||     8
       Confuse           |       |       |     1 ||     1
       Ice Form          |       |       |     1 ||     1
 Abil: End Transformatio |       |     2 |       ||     2
       Bat Form          |       |     1 |       ||     1
  Use: Scroll            |     4 |     7 |     8 ||    19
       Potion            |     2 |    14 |     6 ||    22
 Stab: Sleeping          |     7 |    11 |       ||    18
  Eat: Corpse            |     2 |       |       ||     2
Armor: Robe              |    29 |    35 |    13 ||    77
       Skin              |       |     1 |       ||     1
Dodge: Dodged            |   100 |   181 |    50 ||   331

Table legend:
 A = Spawn XP
 B = Non-spawn XP
 C = Spawn XP percentage of total XP
 D = Spawn monster count
 E = Non-spawn monster count
 F = Spawn count percentage of total count
 G = Total turns spent on level
                    A         B        C        D         E        F      G
               +---------+---------+-------+---------+---------+-------+---------
         Total |       0 |    1033 |   0.0 |       0 |      92 |   0.0 |  8191
               +---------+---------+-------+---------+---------+-------+---------
           D:1 |       0 |      41 |   0.0 |       0 |      22 |   0.0 |  1698
           D:2 |       0 |      75 |   0.0 |       0 |      15 |   0.0 |   916
           D:3 |       0 |     230 |   0.0 |       0 |      30 |   0.0 |  2615
           D:4 |       0 |     413 |   0.0 |       0 |      15 |   0.0 |   901
           D:5 |       0 |     197 |   0.0 |       0 |       7 |   0.0 |  1188
           D:6 |       0 |      34 |   0.0 |       0 |       1 |   0.0 |   117
           D:7 |       0 |      43 |   0.0 |       0 |       2 |   0.0 |   694
               +---------+---------+-------+---------+---------+-------+---------
